 Dungeon Crawl Stone Soup version 0.23.2-30-g0e89c35 (webtiles) character file.

Game seed: 16438979397520588822

12436 Fang the Fighter (level 11, -4/73 HPs)
             Began as a Gargoyle Berserker on June 7, 2019.
             Was a High Priest of Trog.
             Slain by a 14-headed hydra (8 damage)
             ... on level 12 of the Dungeon.
             The game lasted 00:11:50 (11214 turns).

Fang the Fighter (Gargoyle Berserker)              Turns: 11214, Time: 00:11:51

Health: -4/73      AC: 33    Str: 28    XL:     11   Next: 93%
Magic:  11/11      EV: 11    Int: 11    God:    Trog [*****.]
Gold:   120        SH:  0    Dex:  9    Spells: 10/10 levels left

rFire    . . .     SeeInvis +   l - +2 broad axe (elec)
rCold    . . .     Gourm    .   (no shield)
rNeg     + + .     Faith    .   b - +6 plate armour
rPois    ∞         Spirit   .   (no helmet)
rElec    +         Reflect  .   s - +2 cloak of the Thief {+Fog Slay-2 SInv Stlth+}
rCorr    +         Harm     .   (no gloves)
MR       .....                  v - +0 pair of boots of the Five of Swords {+Blink rN+ Str+3 Int+4}
Stlth    ..........             (no amulet)
HPRegen  0.22/turn              p - ring of resist corrosion
MPRegen  0.12/turn              (no ring)

@: berserk cooldown, slowed, very slow
A: negative energy resistance 1, electricity resistance, unbreathing,
petrification resistance, rot immunity, AC +8
a: Berserk, Trog's Hand, Brothers in Arms, Renounce Religion, Evoke Blink, Evoke
Fog


You were on level 12 of the Dungeon.
You worshipped Trog.
Trog was extremely pleased with you.
You were very hungry.

You visited 2 branches of the dungeon, and saw 13 of its levels.

You collected 752 gold pieces.
You spent 632 gold pieces at shops.

Inventory:

Hand Weapons
 a - a +0 war axe
 l - a +2 broad axe of electrocution (weapon)
Armour
 b - a +6 plate armour (worn)
 s - the +2 cloak of the Thief (worn) {+Fog Slay-2 SInv Stlth+}
   (You bought it in a shop on level 8 of the Dungeon)

   It affects your accuracy and damage with ranged weapons and melee attacks
   (-2).
   It lets you see invisible.
   It makes you more stealthy.
 v - the +0 pair of boots of the Five of Swords (worn) {+Blink rN+ Str+3 Int+4}
   (You bought it in a shop on level 10 of the Dungeon)

   It affects your strength (+3).
   It affects your intelligence (+4).
   It protects you from negative energy.
   It lets you blink.
Jewellery
 p - a ring of resist corrosion (left hand)
Wands
 u - a wand of acid (13)
 y - a wand of paralysis (6)
 B - a wand of flame (15)
 C - a wand of random effects (13)
Scrolls
 f - 2 scrolls of magic mapping
 k - a scroll of fear
 m - 5 scrolls of remove curse
 q - 4 scrolls of teleportation
 z - a scroll of blinking
Potions
 e - a potion of agility
 h - 2 potions of invisibility
 i - 5 potions of curing
 j - 3 potions of ambrosia
 n - 2 potions of haste
 o - a potion of resistance
 r - 2 potions of flight {unknown}
 t - a potion of berserk rage
 w - a potion of might {unknown}
 x - 2 potions of cancellation
Comestibles
 c - 11 rations
 d - a chunk of flesh


   Skills:
 + Level 10.8 Fighting
 + Level 9.1 Axes
 + Level 10.5 Armour
 + Level 8.1 Dodging


You had 10 spell levels left.
You didn't know any spells.
Your spell library was empty.

Dungeon Overview and Level Annotations

Branches:
Dungeon (12/15)            Temple (1/1) D:6            Lair (0/6) D:9
    Orc (0/2) D:10

Altars:
Ashenzari
Dithmenos
Fedhas
Gozag
Hepliaklqana
Makhleb
Nemelex Xobeh
Sif Muna
Trog
Uskayaw
Vehumet
Xom

Shops:
D:6 (?:   D:8 %=[   D:10 [*:(   D:12 (


Innate Abilities, Weirdness & Mutations

You are resistant to torment.
Your stone body is resilient. (AC +8)
You are immune to poison.
You resist negative energy. (rN+)
You are resistant to electric shocks. (rElec)
You can survive without breathing.
You are immune to petrification.
You are immune to rotting.


Message History

* * * LOW HITPOINT WARNING * * *
The 14-headed hydra bites you but does no damage.
The 14-headed hydra barely misses you.
The 14-headed hydra bites you but does no damage.
Your two-headed ogre goes berserk!
You are feeling very hungry.
The 14-headed hydra bites you but does no damage.
The 14-headed hydra bites you.
* * * LOW HITPOINT WARNING * * *
The 14-headed hydra bites you but does no damage. x2
The 14-headed hydra misses you.
The 14-headed hydra bites you but does no damage.
The 14-headed hydra bites you!
* * * LOW HITPOINT WARNING * * *
The 14-headed hydra closely misses you.
The 14-headed hydra bites you but does no damage. x2
The 14-headed hydra barely misses you.
The 14-headed hydra bites you but does no damage. x5
The 14-headed hydra bites you!
You die...

...........#..........##.#
##.........# #.#
#........)# #.#
+.........####
#.......>....#
#...........(#
#...........O# .
#...#######..######.. #...
#.@........ .. #..D†.%...$
#....###### #....#
#......# #..$...# #......#
#......# #......#


You could see a 14-headed hydra and a friendly two-headed ogre (berserk).

Vanquished Creatures
  2 two-headed ogres
  A centaur warrior (D:9)
  A tengu warrior (D:12)
  2 unseen horrors (D:9)
  A gargoyle (D:12)
  A tengu conjurer (D:12)
  A troll (D:9)
  Grinder (D:5)
  Prince Ribbit (D:6)
  A hippogriff (D:9)
  4 yaks (D:11)
  A hungry ghost (D:8)
  Edmund (D:4)
  Menkaure (D:4)
  A soldier ant (D:10)
  3 wargs (D:10)
  An acid dragon (D:11)
  A water moccasin (D:12)
  5 sky beasts
  5 orc warriors
  3 ice beasts
  2 phantoms
  2 black bears
  2 necrophages
  6 ogres
  An eye of draining (D:12)
  8 centaurs
  A crocodile (D:7)
  Blork the orc (D:6)
  A big kobold (D:8)
  5 bullfrogs
  A water moccasin skeleton (D:6)
  3 wyvern skeletons
  4 scorpions
  5 killer bees
  A howler monkey (D:6)
  4 crimson imps
  2 centaur zombies
  A quasit (D:10)
  5 jellies
  A bullfrog zombie (D:9)
  Crazy Yiuf (D:5)
  5 orc priests
  5 hounds
  4 orc wizards
  A bullfrog skeleton (D:5)
  7 iguanas
  Ijyb (D:4)
  Natasha (thrice) (D:3)
  13 worker ants
  2 killer bee zombies
  2 hound zombies (D:9)
  A hound skeleton (D:7)
  A howler monkey zombie (D:9)
  A worker ant zombie (D:10)
  19 adders
  2 howler monkey skeletons
  5 shadow imps
  An adder zombie (D:9)
  5 worms
  A dart slug (D:2)
  7 leopard geckos
  30 orcs
  3 giant cockroaches
  3 goblins
  4 hobgoblins
  11 jackals
  4 kobolds
  2 quokkas
  3 bats
  5 frilled lizards
  9 rats
  3 plants (D:2)
258 creatures vanquished.

Notes
Turn   | Place    | Note
-------+----------+-------------------------------------------
     0 | D:1      | Fang the Gargoyle Berserker began the quest for the Orb.
     0 | D:1      | Reached XP level 1. HP: 14/14 MP: 1/1
   396 | D:1      | Reached XP level 2. HP: 19/19 MP: 2/2
   784 | D:2      | Reached XP level 3. HP: 14/23 MP: 3/3
  1631 | D:2      | Reached ** piety under Trog
  2144 | D:2      | Reached XP level 4. HP: 22/29 MP: 4/4
  2380 | D:3      | Noticed Natasha
  2388 | D:3      | Killed Natasha
  2628 | D:3      | Found a sparkling altar of Nemelex Xobeh.
  2773 | D:3      | Reached XP level 5. HP: 28/33 MP: 5/5
  3074 | D:3      | Found a hazy altar of Hepliaklqana.
  3082 | D:3      | Found a shadowy altar of Dithmenos.
  3093 | D:3      | Noticed a centaur
  3103 | D:3      | Killed a centaur
  3130 | D:3      | Noticed Natasha
  3334 | D:3      | Killed Natasha
  3334 | D:3      | Reached XP level 6. HP: 39/39 MP: 6/6
  3378 | D:3      | Noticed a sky beast
  3413 | D:3      | Killed a sky beast
  3898 | D:3      | Noticed Natasha
  3910 | D:3      | Killed Natasha
  4062 | D:4      | Found a blossoming altar of Fedhas.
  4113 | D:4      | Reached skill level 5 in Fighting
  4462 | D:4      | Reached XP level 7. HP: 44/44 MP: 7/7
  4535 | D:4      | Noticed Menkaure
  4538 | D:4      | Noticed Ijyb
  4544 | D:4      | Noticed Edmund
  4548 | D:4      | Killed Ijyb
  4551 | D:4      | Killed Menkaure
  4555 | D:4      | Killed Edmund
  4761 | D:4      | Found an opulent altar of Gozag.
  4761 | D:4      | Found a deep blue altar of Sif Muna.
  4765 | D:4      | Found a hide-covered altar of Uskayaw.
  4766 | D:4      | Found a shattered altar of Ashenzari.
  4801 | D:4      | Reached skill level 5 in Armour
  5020 | D:5      | Entered Level 5 of the Dungeon
  5075 | D:5      | Found a shimmering altar of Xom.
  5247 | D:5      | Reached XP level 8. HP: 51/51 MP: 8/8
  5322 | D:5      | Noticed Grinder
  5337 | D:5      | Killed Grinder
  5337 | D:5      | Reached skill level 5 in Axes
  5436 | D:5      | Found a runed translucent door.
  5437 | D:5      | Noticed Crazy Yiuf
  5848 | D:5      | Killed Crazy Yiuf
  5873 | D:6      | Found Qohoxoj's Book Emporium.
  5876 | D:6      | Noticed Prince Ribbit
  5964 | D:6      | Found a radiant altar of Vehumet.
  5990 | D:6      | Reached *** piety under Trog
  6259 | D:6      | Found Cihu Dot's Magic Scroll Shoppe.
  6398 | D:6      | Killed Prince Ribbit
  6398 | D:6      | Reached XP level 9. HP: 49/57 MP: 9/9
  6484 | D:6      | Found a staircase to the Ecumenical Temple.
  6572 | D:6      | Found Heclua's Weapon Boutique.
  6622 | D:6      | Reached skill level 5 in Dodging
  6759 | D:6      | Noticed Blork the orc
  6767 | D:6      | Killed Blork the orc
  7016 | Temple   | Entered the Ecumenical Temple
  7580 | D:7      | Identified a scroll of acquirement
  7900 | D:8      | Reached **** piety under Trog
  7905 | D:8      | Reached XP level 10. HP: 47/64 MP: 10/10
  7997 | D:8      | Found Siewn's Jewellery Boutique.
  7999 | D:8      | Noticed a two-headed ogre
  8007 | D:8      | Killed a two-headed ogre
  8166 | D:8      | Noticed a moth of wrath
  8169 | D:8      | Found a bloodstained altar of Trog.
  8222 | D:8      | Found Xiwuol's Armour Shoppe.
  8240 | D:8      | Bought the +2 cloak of the Thief {+Fog Slay-2 SInv Stlth+}
                  | for 221 gold pieces
  8240 | D:8      | Found the +2 cloak of the Thief {+Fog Slay-2 SInv Stlth+}
  8640 | D:8      | Found a shimmering altar of Xom.
  8756 | D:8      | Found Cuxuigoygh's Food Emporium.
  8995 | D:9      | Found a staircase to the Lair.
  9060 | D:9      | Noticed a two-headed ogre
  9071 | D:9      | Killed a two-headed ogre
  9248 | D:9      | Reached XP level 11. HP: 66/71 MP: 11/11
  9313 | D:9      | Noticed an unseen horror
  9328 | D:9      | Killed an unseen horror
  9350 | D:9      | Identified the +6 lajatang "Nojeceoc" {chaos, Dex+2}
  9350 | D:9      | Noticed a centaur warrior
  9351 | D:9      | Noticed an unseen horror
  9355 | D:9      | Paralysed by a centaur warrior for 5 turns
  9361 | D:9      | Killed a centaur warrior
  9361 | D:9      | Reached ***** piety under Trog
  9361 | D:9      | Reached skill level 10 in Fighting
  9368 | D:9      | Killed an unseen horror
  9801 | D:10     | Entered Level 10 of the Dungeon
  9815 | D:10     | Found Riguutel's Antique Weapon Shoppe.
  9832 | D:10     | Found the +12 Vampire's Tooth {vamp}
 10149 | D:10     | Found a staircase to the Orcish Mines.
 10170 | D:10     | Reached skill level 10 in Armour
 10220 | D:10     | Found Somil's Armour Emporium.
 10223 | D:10     | Bought the +0 pair of boots of the Five of Swords {+Blink
                  | rN+ Str+3 Int+4} for 411 gold pieces
 10251 | D:10     | Found Fipeuwe's Assorted Antiques.
 10279 | D:10     | Found Azow's Book Shoppe.
 10707 | D:11     | You fall through a shaft!
 10829 | D:12     | Noticed a tengu warrior
 10846 | D:12     | Killed a tengu warrior
 11028 | D:12     | Found Piavvasy's Antique Weapon Shoppe.
 11193 | D:12     | Noticed a six-headed hydra
 11214 | D:12     | Slain by a 14-headed hydra

Skill      XL: |  1  2  3  4  5  6  7  8  9 10 11 |
---------------+----------------------------------+-----
Axes           | 3 4 5 6 8 9 |  9.1
Dodging        | 2 3 4 5 7 8 |  8.1
Armour         | 3 4 5 6 7 9 10 | 10.5
Fighting       | 4 5 7 8 9 10 | 10.8

Action                   |  1- 3 |  4- 6 |  7- 9 | 10-12 || total
-------------------------+-------+-------+-------+-------++-------
Melee: Hand axe          |   190 |   216 |       |       ||   406
       War axe           |       |     2 |   352 |       ||   354
       Broad axe         |       |       |    27 |   425 ||   452
Invok: Berserk           |       |     5 |     5 |     4 ||    14
       Trog's Hand       |       |       |     1 |       ||     1
       Brothers in Arms  |       |       |       |     2 ||     2
  Use: Scroll            |       |       |    25 |     4 ||    29
       Potion            |       |       |       |     1 ||     1
 Stab: Sleeping          |     2 |     1 |       |       ||     3
       Invisible         |       |       |       |     1 ||     1
  Eat: Chunk             |     3 |     8 |    12 |    16 ||    39
       Ration            |       |     2 |     1 |       ||     3
Armor: Animal skin       |    33 |    62 |       |       ||    95
       Chain mail        |       |       |    80 |       ||    80
       Plate armour      |       |       |   191 |   434 ||   625
Dodge: Dodged            |    96 |    98 |   209 |   319 ||   722
